 Dungeon Crawl Stone Soup version 0.23-a0-143-g1adec7b (webtiles) character file.

7291 Goblin1989 the Party-goer (level 10, -2/80 HPs)
             Began as a Demonspawn Transmuter on Sept 2, 2018.
             Was a Priest of Uskayaw.
             Slain by a two-headed ogre
             ... wielding a cursed -1 giant club
              (27 damage)
             ... on level 11 of the Dungeon on Sept 3, 2018.
             The game lasted 00:41:10 (14738 turns).

Goblin1989 the Party-goer (Demonspawn Transmuter)  Turns: 14738, Time: 00:41:10

Health: -2/80      AC: 11    Str: 11    XL:     10   Next: 89%
Magic:  12/16      EV: 15    Int: 18    God:    Uskayaw [***...]
Gold:   593        SH:  9    Dex: 18    Spells: 10/13 levels left

rFire    . . .     SeeInvis .   Q - +4 rapier (venom)
rCold    . . .     Gourm    .   U - +0 shield
rNeg     . . .     Faith    +   Y - +1 scale mail
rPois    .         Spirit   .   B - +0 helmet
rElec    .         Reflect  .   (no cloak)
rCorr    .         Harm     .   (no gloves)
MR       .....                  (no boots)
Stlth    +.........             u - amulet of faith {!P}
HPRegen  0.23/turn              (no ring)
MPRegen  0.15/turn              (no ring)

@: agile
A: claws 1, slimy green scales 1, powered by pain 1, spiny 1
a: Stomp, Line Pass, Renounce Religion


You were on level 11 of the Dungeon.
You worshipped Uskayaw.
Uskayaw was aware of your devotion.
You were not hungry.

You visited 1 branch of the dungeon, and saw 11 of its levels.

You collected 593 gold pieces.

Inventory:

Hand Weapons
 D - a +1 dagger of distortion {!w}
 Q - a +4 rapier of venom (weapon)
Missiles
 a - 278 arrows
 s - 215 stones (quivered) {@Q3}
 z - 70 sling bullets
 Z - 2 throwing nets {!d , @Q1}
Armour
 B - a +0 helmet (worn)
 L - a +0 cloak
 O - a +0 plate armour
 U - a +0 shield (worn)
 Y - a +1 scale mail (worn)
Magical Staves
 P - an uncursed staff of air {unknown}
Jewellery
 u - an amulet of faith (around neck) {!P}
Wands
 f - a wand of enslavement (26)
 I - a wand of digging (38) {@v1}
 N - a wand of acid (19) {@v2}
Scrolls
 i - a scroll of fear {unknown}
 l - 2 scrolls of enchant weapon
 m - a scroll of remove curse {@r3}
 n - a scroll of amnesia {unknown}
 w - 4 scrolls of enchant armour
 C - a scroll of blinking {unknown}
 F - a scroll of vulnerability {unknown}
 H - 2 scrolls of fog {unknown}
 J - a scroll of noise {unknown}
 M - a scroll of magic mapping
 R - 4 scrolls of identify {@r1}
 T - a scroll of teleportation
 W - a scroll of immolation {unknown}
Potions
 h - 2 potions of heal wounds
 k - 4 potions of curing {@q1}
 p - 2 potions of flight
 q - 2 potions of haste {unknown}
 t - 4 potions of lignification
 x - a potion of cancellation
 V - a potion of mutation {unknown}
 X - a potion of brilliance {unknown}
Comestibles
 e - 14 rations


   Skills:
 + Level 7.7 Fighting
 + Level 4.2 Armour
 + Level 7.3 Dodging
 + Level 3.9 Shields
 + Level 7.7 Unarmed Combat
 - Level 2.0 Spellcasting
 - Level 2.1 Transmutations
 + Level 8.1 Invocations
 + Level 4.0 Evocations


You had 10 spell levels left.
You knew the following spells:

 Your Spells              Type           Power        Failure   Level  Hunger
a - Beastly Appendage     Tmut           #.....       86%         1    #......
b - Sticks to Snakes      Tmut           #.......     95%         2    ###....

Your spell library contained the following spells:

 Spells                   Type           Power        Failure   Level  Hunger
 Magic Dart               Conj           #...         99%         1    #......
 Searing Ray              Conj           #.....       99%         2    ###....
 Dazzling Spray           Conj/Hex       #.....       100%        3    ###....
 Spider Form              Tmut/Pois      #.........   100%        3    ###....
 Cause Fear               Hex            #.........   100%        4    #####..
 Force Lance              Conj/Tloc      #.......     100%        4    #####..
 Fulminant Prism          Conj/Hex       #.........   100%        4    #####..
 Ice Form                 Ice/Tmut       #.......     100%        4    #####..
 Iskenderun's Mystic Bla  Conj           #.......     100%        4    #####..
 Blade Hands              Tmut           #.........   100%        5    ######.
 Silence                  Hex/Air        #.........   100%        5    ######.
 Yara's Violent Unravell  Hex/Tmut       #.........   100%        5    ######.
 Deflect Missiles         Chrm/Air       #.........   100%        6    #######
 Discord                  Hex            #.........   100%        8    #######


Dungeon Overview and Level Annotations

Branches:
Dungeon (11/15)            Temple (0/1) D:4             Orc (0/2) D:9
   Lair: D:8-11

Altars:
Ashenzari
Cheibriados
Dithmenos
Hepliaklqana
Kikubaaqudgha
Makhleb
Nemelex Xobeh
Sif Muna
Trog
Uskayaw
Vehumet
Wu Jian
Xom
Yredelemnul
The Shining One

Shops:
D:5 (   D:11 (

Annotations:
D:9 2 runed doors


Innate Abilities, Weirdness & Mutations

You have sharp fingernails.
You are partially covered in slimy green scales. (AC +2)
You sometimes gain a little power by taking damage.
You are partially covered in sharp spines.


Message History

You are too injured to fight recklessly!
You are too injured to fight recklessly!
You are too injured to fight recklessly!
Unknown command.
You claw the orc priest!
You kill the orc priest!
Things that are here:
a dagger; a leather armour A troll comes into view.
The troll shouts!
You hear a shout!
Things that are here:
a dagger; a leather armour
Things that are here:
a dagger; a leather armour
Items here: ( ) [ †† a flail; a tomahawk; a runed leather armour; an orc corpse x2
Things that are here:
a mace; an orc corpse
Things that are here:
a long sword; a chain mail
Things that are here:
a mace; an orc corpse The troll is struck by your spines.
The troll bites you! The troll claws you but does no damage.
The troll completely misses you.
Uskayaw prepares the audience for your solo!
Items here: ( ) [ †† a flail; a tomahawk; a runed leather armour; an orc corpse x2
You take 8 damage, and have 43/80 hp.
The helpless troll fails to defend itself.
You mangle the troll!!
The troll is severely wounded.
The troll is no longer paralysed.
You block the troll's attack. x3
You scratch the troll.
The troll is severely wounded.
The troll misses you. The troll claws you. x2
You take 5 damage, and have 39/80 hp.
You claw the troll!
The troll is almost dead.
You block the troll's attack. The troll misses you.
You block the troll's attack.
You scratch the troll.
You kill the troll!
Your Evocations skill increases to level 4!
Unknown command.
Unknown command.
A two-headed ogre comes into view. It is wielding two giant clubs.
You regained 2 hp, and now have 41/80 hp.
A two-headed ogre is nearby!
A two-headed ogre is nearby!
A two-headed ogre is nearby!
A two-headed ogre is nearby!
You are too injured to fight recklessly!
You are too injured to fight recklessly!
You are too injured to fight recklessly!
You are too injured to fight recklessly!
Things that are here:
a dagger; a leather armour
Okay, then.
Aiming: Grand Finale
Press: ? - help, Shift-Dir - straight line, f - two-headed ogre
Aim: a two-headed ogre, wielding two giant clubs You fail to use your ability.
You can no longer merge with and destroy a victim.
Okay, then.
You hear a distant blaring wail to the northwest.
Things that are here:
a dagger; a leather armour
Items here: ( ) [ †† a flail; a tomahawk; a runed leather armour; an orc corpse x2
Evoke which item? (* to show all) (? for menu, Esc to quit)
Aiming: Corrosive Bolt
Press: ? - help, Shift-Dir - straight line, f/p - two-headed ogre
Aim: a two-headed ogre, wielding two giant clubs The bolt of acid hits the two-headed ogre.
The two-headed ogre is splashed with acid.
The acid corrodes the two-headed ogre!
The two-headed ogre is moderately wounded.
Uskayaw will force your foes to share their pain.
You scratch the two-headed ogre.
The two-headed ogre is moderately wounded.
The two-headed ogre barely misses you.
The two-headed ogre hits you with a giant club!!
* * * LOW HITPOINT WARNING * * *
You focus on the pain.
You feel more agile all of a sudden.
You take 18 damage, and have 24/80 hp.
MASSIVE DAMAGE!!
Aiming: Line Pass
Press: ? - help, Dir - move target cursor, f/p - two-headed ogre
Aim: a two-headed ogre, wielding two giant clubs (moderately wounded, covered You can't stand on top of the monster!
Aiming: Line Pass
Press: ? - help, Dir - move target cursor, p - two-headed ogre The two-headed ogre appears confused.
You feel somewhat more hungry.
You now have 12/16 mp.
Wield which item (- for none, * to show all)? (? for menu, Esc to quit)
Your +4 rapier of venom begins to drip with poison!
Q - a +4 rapier of venom (weapon)
The two-headed ogre seems less confused.
The two-headed ogre hits you with a giant club!!
You die...

█...o.∆..█.....█ ....
█h)h..█..█.....█.....
█.h...█.██.....∆....█
.█....█.∆...oh.∆...█..
h█....█.████████......
.█....█........█......
o██████........█...... █
.(.............██████████...█
......$.........@O))....(.█
...............██████████.█
...............█


████████████████ You could see a two-headed ogre.

Vanquished Creatures
  2 two-headed ogres
  An ugly thing (D:11)
  Maurice (D:9)
  2 trolls
  A spriggan (D:7)
  Eustachio (D:5)
  A hungry ghost (D:11)
  Menkaure (D:4)
  A water moccasin (D:9)
  A sky beast (D:8)
  6 orc warriors
  A swamp drake (D:9)
  3 phantoms
  2 black bears
  4 ice beasts
  2 necrophages
  2 ogres
  2 centaurs (D:7)
  A crocodile (D:10)
  Blork the orc (D:6)
  4 bullfrogs
  2 gnoll sergeants
  3 scorpions
  2 howler monkeys
  3 crimson imps
  A quasit (D:9)
  A centaur zombie (D:10)
  9 orc priests
  3 hounds
  3 jellies
  A centaur skeleton (D:10)
  Ijyb (D:4)
  10 orc wizards
  2 worker ants
  2 iguanas (D:5)
  A hound skeleton (D:9)
  3 hound zombies
  11 adders
  8 gnolls
  An ooze (D:2)
  4 worms
  3 dart slugs
  4 leopard geckos
  43 orcs
  6 bats
  6 giant cockroaches
  8 goblins
  4 hobgoblins
  10 jackals
  7 quokkas
  9 frilled lizards
  A giant cockroach zombie (D:5)
  7 kobolds
  A leopard gecko skeleton (D:4)
  A quokka skeleton (D:4)
  A quokka zombie (D:9)
  16 rats
238 creatures vanquished.

Vanquished Creatures (collateral kills)
  An orc (D:4)
1 creature vanquished.

Vanquished Creatures (others)
  A bush (D:7)
1 creature vanquished.

Grand Total: 240 creatures vanquished

Notes
Turn   | Place    | Note
-------+----------+-------------------------------------------
     0 | D:1      | Goblin1989 the Demonspawn Transmuter began the quest for
                  | the Orb.
     0 | D:1      | Reached XP level 1. HP: 15/15 MP: 3/3
   512 | D:1      | Gained mutation: You have sharp fingernails. [demonic
                  | ancestry]
   512 | D:1      | Reached XP level 2. HP: 18/21 MP: 5/5
  1589 | D:2      | Gained mutation: You are partially covered in sharp spines.
                  | [demonic ancestry]
  1589 | D:2      | Reached XP level 3. HP: 22/26 MP: 6/6
  1758 | D:2      | Learned a level 2 spell: Sticks to Snakes
  1944 | D:2      | Reached XP level 4. HP: 14/33 MP: 7/7
  2496 | D:3      | Found a hide-covered altar of Uskayaw.
  2510 | D:3      | Became a worshipper of Uskayaw the Reveler
  2600 | D:3      | Found a burning altar of Makhleb.
  2601 | D:3      | Found a shimmering altar of Xom.
  2602 | D:3      | Found a hazy altar of Hepliaklqana.
  2639 | D:3      | Reached * piety under Uskayaw
  2705 | D:3      | Reached ** piety under Uskayaw
  2711 | D:3      | Reached *** piety under Uskayaw
  2798 | D:3      | Found a bloodstained altar of Trog.
  2963 | D:4      | Noticed Menkaure
  3166 | D:4      | Reached XP level 5. HP: 24/39 MP: 8/8
  3475 | D:5      | Entered Level 5 of the Dungeon
  3478 | D:5      | Found Saiderche's Weapon Emporium.
  3479 | D:5      | Found a sparkling altar of Nemelex Xobeh.
  4129 | D:5      | Found a bloodstained altar of Trog.
  4176 | D:5      | Reached XP level 6. HP: 47/47 MP: 9/9
  4421 | D:5      | Found an ornate altar of the Wu Jian Council.
  4647 | D:5      | Noticed Eustachio
  4668 | D:6      | Found an ancient bone altar of Kikubaaqudgha.
  4668 | D:6      | Found a sparkling altar of Nemelex Xobeh.
  4915 | D:6      | Found a shattered altar of Ashenzari.
  5036 | D:6      | Reached **** piety under Uskayaw
  5053 | D:6      | Reached XP level 7. HP: 39/54 MP: 10/10
  5059 | D:6      | Reached ***** piety under Uskayaw
  5195 | D:6      | Found a radiant altar of Vehumet.
  5217 | D:6      | Reached skill level 5 in Unarmed Combat
  5532 | D:6      | Noticed Blork the orc
  5545 | D:6      | Killed Blork the orc
  5545 | D:6      | Reached skill level 1 in Invocations
  6351 | D:7      | Reached skill level 2 in Invocations
  6475 | D:7      | Reached skill level 5 in Fighting
  6475 | D:7      | Gained mutation: You are partially covered in slimy green
                  | scales. (AC +2) [demonic ancestry]
  6475 | D:7      | Reached XP level 8. HP: 62/62 MP: 11/11
  6479 | D:7      | Reached skill level 5 in Dodging
  6501 | D:7      | Reached skill level 3 in Invocations
  7253 | D:7      | Reached skill level 4 in Invocations
  8378 | D:7      | Reached skill level 1 in Armour
  8378 | D:7      | Reached skill level 5 in Invocations
  8654 | D:8      | Gained mutation: You sometimes gain a little power by
                  | taking damage. [demonic ancestry]
  8654 | D:8      | Reached XP level 9. HP: 59/69 MP: 12/12
  9747 | D:8      | Found a shadowy altar of Dithmenos.
 10299 | D:9      | Found a deep blue altar of Sif Muna.
 10413 | D:9      | Reached skill level 1 in Shields
 10522 | D:5      | Found a snail-covered altar of Cheibriados.
 10625 | D:5      | Killed Eustachio
 10886 | D:4      | Found a glowing golden altar of the Shining One.
 11083 | D:4      | Noticed Ijyb
 11086 | D:4      | Reached skill level 6 in Invocations
 11095 | D:4      | Killed Ijyb
 11095 | D:4      | Reached skill level 1 in Evocations
 11183 | D:4      | Found a staircase to the Ecumenical Temple.
 11411 | D:4      | Killed Menkaure
 11722 | D:9      | Noticed a fire dragon
 11724 | D:9      | Noticed an ice dragon
 11725 | D:9      | Found a runed door.
 11725 | D:9      | Found a runed door.
 11725 | D:9      | Noticed a fire dragon
 11725 | D:9      | Noticed an ice dragon
 11727 | D:9      | Found the +2 shield of Resistance {rF+ rC+ MR+}
 12115 | D:9      | Noticed Maurice
 12375 | D:10     | Entered Level 10 of the Dungeon
 12620 | D:10     | Noticed a two-headed ogre
 12634 | D:10     | Killed a two-headed ogre
 12634 | D:10     | Reached XP level 10. HP: 79/79 MP: 13/15
 13348 | D:9      | Reached skill level 7 in Invocations
 13811 | D:9      | Killed Maurice
 13820 | D:9      | Noticed a two-headed ogre
 13832 | D:9      | Killed a two-headed ogre
 14328 | D:9      | Found a staircase to the Orcish Mines.
 14562 | D:9      | Found a basalt altar of Yredelemnul.
 14644 | D:11     | Found Lick's Weapon Shop.
 14650 | D:11     | Noticed a purple ugly thing
 14677 | D:11     | Killed a purple ugly thing
 14685 | D:11     | Reached skill level 8 in Invocations
 14689 | D:11     | Reached ****** piety under Uskayaw
 14728 | D:11     | Noticed a two-headed ogre
 14738 | D:11     | Slain by a two-headed ogre

Vault maps used:
D:1:      dpeg_arrival_ratfight
D:2:      kennysheep_decorative_pillar
D:3:      eat_drink_and_be_merry_uskayaw, minitemple, nrook_mini_backslash,
          hangedman_decor_push, st_stairs_9, grunt_decor_one_mirror, bloody_trog
D:4:      minmay_temple_entry_glassed_door, serial_glass, glass_columns_a,
          glass_columns_a, nicolae_tso_swordbearing_angel, uniq_ijyb,
          uniq_menkaure
D:5:      lemuel_coloured_pillars_altar, cheibrodos_worm_habitat,
          lemuel_round_altar, serial_shops, shop, basic_altar, first_ration,
          interstate_on_off, uniq_eustachio
D:6:      ashenzari_conservatory_becter, lemuel_doored_altar,
          chequers_temple_overflow_statue_of_worship, uniq_blork_the_orc
D:7:      the_bakery, kb_lookout_dungeons_type, kennysheep_generic_room_14
D:8:      grunt_dithmenos_shadows, serial_bayou_pond_d
D:9:      marbit_many_paths, lemuel_crystal_altar, erik_orc_1,
          minmay_guarded_unrand_resistance, uniq_maurice
D:11:     minmay_the_grid_four_pointed_star_mashed, erik_lair_orcish_takeover,
          serial_shops, nicolae_shop_crystal, kennysheep_generic_room_4

Skill      XL: |  1  2  3  4  5  6  7  8  9 10 |
---------------+-------------------------------+-----
Unarmed Combat | 3 4 5 6 7 |  7.7
Transmutations | 2 |  2.1
Dodging        | 2 3 4 5 6 7 |  7.3
Fighting       | 2 3 4 5 6 7 |  7.7
Invocations    | 2 5 6 8 |  8.1
Armour         | 1 3 4 |  4.2
Shields        | 2 3 |  3.9
Evocations     | 2 4 |  4.0
Spellcasting   | |  2.0

Action                   |  1- 3 |  4- 6 |  7- 9 | 10-12 || total
-------------------------+-------+-------+-------+-------++-------
Melee: Unarmed           |   118 |   134 |   360 |   175 ||   787
       Punch             |     3 |     1 |     7 |       ||    11
 Cast: Sticks to Snakes  |       |     3 |       |       ||     3
Invok: Line Pass         |       |       |     1 |     2 ||     3
       Stomp             |       |       |       |     1 ||     1
Evoke: Wand              |       |       |     5 |    15 ||    20
  Use: Scroll            |       |       |    11 |       ||    11
       Potion            |       |       |     1 |     1 ||     2
 Stab: Sleeping          |     3 |       |       |       ||     3
       Paralysed         |       |     3 |    17 |    34 ||    54
  Eat: Chunk             |     3 |    10 |    11 |     6 ||    30
       Ration            |       |       |     4 |     1 ||     5
Armor: Robe              |    19 |    10 |       |       ||    29
       Leather armour    |       |    11 |    34 |       ||    45
       Scale mail        |       |       |    37 |    39 ||    76
Dodge: Dodged            |    62 |    70 |   144 |    54 ||   330
Block: Shield            |       |       |    32 |    67 ||    99

Table legend:
 A = Non-vault XP
 B = Vault XP
 C = Vault XP percentage of total XP
 D = Non-vault monster count
 E = Vault monster count
 F = Vault count percentage of total count
                 A         B        C        D         E       F
            +---------+---------+-------+---------+---------+-------
      Total |    7888 |    2528 |  24.3 |     202 |      37 |  15.5
            +---------+---------+-------+---------+---------+-------
        D:1 |      35 |       5 |  12.5 |      22 |       5 |  18.5
        D:2 |      75 |       0 |   0.0 |      24 |       0 |   0.0
        D:3 |      30 |       3 |   9.1 |       9 |       2 |  18.2
        D:4 |     209 |     208 |  49.9 |      17 |       2 |  10.5
        D:5 |     236 |     208 |  46.8 |      13 |       2 |  13.3
        D:6 |     752 |      94 |  11.1 |      22 |       1 |   4.3
        D:7 |    1062 |     441 |  29.3 |      25 |       3 |  10.7
        D:8 |     598 |     121 |  16.8 |      16 |       1 |   5.9
        D:9 |    2136 |    1071 |  33.4 |      24 |      19 |  44.2
       D:10 |    1557 |       0 |   0.0 |      18 |       0 |   0.0
       D:11 |    1198 |     377 |  23.9 |      12 |       2 |  14.3
            +---------+---------+-------+---------+---------+-------

Vault maps used:
D:1:      dpeg_arrival_ratfight
D:2:      kennysheep_decorative_pillar
D:3:      eat_drink_and_be_merry_uskayaw, minitemple, nrook_mini_backslash,
          hangedman_decor_push, st_stairs_9, grunt_decor_one_mirror, bloody_trog
D:4:      minmay_temple_entry_glassed_door, serial_glass, glass_columns_a,
          glass_columns_a, nicolae_tso_swordbearing_angel, uniq_ijyb,
          uniq_menkaure
D:5:      lemuel_coloured_pillars_altar, cheibrodos_worm_habitat,
          lemuel_round_altar, serial_shops, shop, basic_altar, first_ration,
          interstate_on_off, uniq_eustachio
D:6:      ashenzari_conservatory_becter, lemuel_doored_altar,
          chequers_temple_overflow_statue_of_worship, uniq_blork_the_orc
D:7:      the_bakery, kb_lookout_dungeons_type, kennysheep_generic_room_14
D:8:      grunt_dithmenos_shadows, serial_bayou_pond_d
D:9:      marbit_many_paths, lemuel_crystal_altar, erik_orc_1,
          minmay_guarded_unrand_resistance, uniq_maurice
D:11:     minmay_the_grid_four_pointed_star_mashed, erik_lair_orcish_takeover,
          serial_shops, nicolae_shop_crystal, kennysheep_generic_room_4
